 Dungeon Crawl Stone Soup version 0.18-a0-1285-g60d00e1 (webtiles) character file.

3724 M4edhros the Covert (level 10, 0/58 HPs)
             Began as an Octopode Artificer on Feb 8, 2016.
             Slain by an orc warrior
             ... wielding a cursed +0 halberd
              (2 damage)
             ... on level 8 of the Dungeon.
             The game lasted 00:12:14 (6900 turns).

M4edhros the Covert (Octopode Artificer)            Turns: 6900, Time: 00:12:14

Health: 0/58       AC:  6    Str: 22      XL:     10   Next: 14%
Magic:  23/23      EV: 25    Int: 17      God:
Gold:   369        SH:  0    Dex: 16 (17) Spells: 0 memorised, 9 levels left

rFire  . . .     SeeInvis .     w - +1 dagger (protect)
rCold  . . .     Gourm    .     (no shield)
rNeg   . . .     Faith    .     (helmet restricted)
rPois  .         Spirit   .     (no amulet)
rElec  .         Dismiss  .     j - ring of magical power
rCorr  .         Reflect  .     s - +5 ring of strength
SustAt .         Harm     .     v - ring of protection from magic
MR     +....                    C - +2 ring of evasion
Stlth  ++++++++..               (no ring)
                                (no ring)
                                (no ring)
                                (no ring)

@: mighty, agile, very slightly contaminated, somewhat resistant to hostile
enchantments, extraordinarily stealthy
A: almost no armour, amphibious, 8 rings, constrict 8, camouflage 1, blurry
vision 1, deterioration 1, low mp 1, gelatinous body 1
a: no special abilities


You were on level 8 of the Dungeon.
You were not hungry.

You visited 2 branches of the dungeon, and saw 9 of its levels.

You collected 369 gold pieces.

Inventory:

Hand Weapons
 a - a +0 short sword
 k - a +1 dagger of draining
 n - a +0 hunting sling
 w - a +1 dagger of protection (weapon)
 G - a -1 eveningstar
Missiles
 o - 43 sling bullets
 p - 260 stones (quivered)
 A - 5 curare-tipped needles
Jewellery
 j - a ring of magical power (left tentacle)
 s - a +5 ring of strength (right tentacle)
 v - a ring of protection from magic (on tentacle)
 C - a +2 ring of evasion (on tentacle)
Wands
 b - a wand of flame (0/48)
 c - a wand of enslavement (0/24)
 d - a wand of random effects (0/48)
 F - a wand of paralysis (6/24)
 M - a wand of flame (25/48)
 N - a wand of flame (25/48)
Scrolls
 e - 10 scrolls of identify {unknown}
 g - 2 scrolls of remove curse {unknown}
 m - 2 scrolls of teleportation {unknown}
 q - 2 scrolls of random uselessness {unknown}
 t - a scroll of immolation {unknown}
 y - 2 scrolls of magic mapping {unknown}
 E - a scroll of noise {unknown}
 H - a scroll of blinking {unknown}
 I - a scroll of enchant armour {unknown}
 J - a scroll of enchant weapon {unknown}
 L - a scroll of vulnerability {unknown}
Potions
 h - 3 potions of curing
 i - a potion of haste
 x - a potion of might
 K - a potion of invisibility {unknown}
 O - 2 potions of degeneration {unknown}
 P - a potion of mutation {unknown}
Comestibles
 f - 4 bread rations
 l - 6 fruits
 r - a royal jelly
 u - 2 meat rations
 B - 2 slices of pizza
 D - 3 beef jerkies


   Skills:
 - Level 1.0 Fighting
 - Level 1.0 Short Blades
 * Level 9.3 Dodging
 * Level 12.3 Stealth
 + Level 7.8 Evocations


You had 9 spell levels left.
You didn't know any spells.

Dungeon Overview and Level Annotations

Branches:
Dungeon (8/15)             Temple (1/1) D:4
   Lair: D:8-11

Altars:
Ashenzari
Cheibriados
Dithmenos
Elyvilon
Kikubaaqudgha
Okawaru
Pakellas
Ru
Sif Muna
Trog
Vehumet
Yredelemnul
Zin
The Shining One


Innate Abilities, Weirdness & Mutations

You cannot wear most types of armour.
You are amphibious.
You can wear up to eight rings at the same time.
You can use your tentacles to constrict eight enemies at once.
Your skin changes colour to match your surroundings (Stealth).
Your rubbery body absorbs attacks (AC +1).
Scrolls take you a little longer to read.
Your body sometimes deteriorates upon taking damage.
Your magical capacity is low (-10% MP).


Message History

You stick Erolcha like a pincushion!!!
You kill Erolcha!
Your Dodging skill increases to level 9!
Your Stealth skill increases to level 12!
You have reached level 10!
You feel stronger. The gnoll misses you.
You hit the gnoll. Your grab misses the gnoll.
The gnoll is heavily wounded.
The gnoll closely misses you.
The orc warrior hits you from afar with a halberd!!
* * * LOW HITPOINT WARNING * * *
Your body deteriorates!
You feel clumsy.
You are too injured to fight recklessly!
You are too injured to fight recklessly!
You puncture the gnoll!
You kill the gnoll!
The orc warrior misses you.
The orc warrior hits you with a halberd.
You die...

..).o...... #... .......(#
#... #g[..#.. #...! #....#.#
#.... #....#.(
##....##+############......#
............................
...................o....)..#
...........@o...............
......).....................
#....h#+###############+#...
#..... +... +.... #... #....
#... .... ...## .... #.?..+
#....


You could see an orc warrior and a jackal (wandering).

Vanquished Creatures
  Erolcha (D:8)
  Sigmund (D:2)
  An eye of draining (D:8)
  A sky beast (D:4)
  A phantom (D:6)
  4 ogres
  2 centaurs (D:6)
  3 giant frogs
  A gnoll sergeant (D:8)
  A wyvern skeleton (D:6)
  7 scorpions
  A water moccasin skeleton (D:6)
  2 killer bees (D:6)
  2 crimson imps (D:5)
  A giant frog zombie (D:6)
  A centaur zombie (D:7)
  A gnoll shaman (D:6)
  2 hounds
  A giant frog skeleton (D:6)
  3 orc priests
  2 centaur skeletons
  4 iguanas
  4 orc wizards
  9 worker ants
  A killer bee zombie (D:6)
  2 hound zombies (D:6)
  A hound skeleton (D:6)
  6 gnolls
  9 adders
  2 shadow imps
  An ooze (D:3)
  2 adder zombies
  2 adder skeletons
  2 worms
  3 giant geckos
  17 orcs
  3 ball pythons
  9 bats
  6 giant cockroaches
  18 goblins
  9 hobgoblins
  2 jackals (D:1)
  A quokka (D:5)
  A giant cockroach zombie (D:6)
  A giant gecko skeleton (D:6)
  2 giant gecko zombies
  2 giant newts
  A jackal skeleton (D:6)
  A jackal zombie (D:6)
  6 kobolds
  3 rats
  A fungus (D:5)
170 creatures vanquished.

Vanquished Creatures (collateral kills)
  A killer bee (D:6)
  An orc priest (D:7)
  6 orcs (D:7)
  A bat (D:5)
9 creatures vanquished.

Vanquished Creatures (others)
  3 killer bees (D:6)
  2 orc wizards
  A quokka (D:7)
  12 fungi (D:5)
18 creatures vanquished.

Grand Total: 197 creatures vanquished

Notes
Turn   | Place    | Note
--------------------------------------------------------------
     0 | D:1      | M4edhros the Octopode Artificer began the quest for the Orb.
     0 | D:1      | Reached XP level 1. HP: 13/13 MP: 3/3
    69 | D:1      | Reached XP level 2. HP: 12/18 MP: 4/4
   898 | D:2      | Reached XP level 3. HP: 23/23 MP: 5/5
   905 | D:2      | Noticed Sigmund
   917 | D:2      | Killed Sigmund
   917 | D:2      | Reached skill level 4 in Stealth
   917 | D:2      | Reached XP level 4. HP: 9/28 MP: 7/7
   917 | D:2      | Reached XP level 5. HP: 10/33 MP: 8/8
  1244 | D:3      | Reached XP level 6. HP: 38/38 MP: 9/9
  1302 | D:4      | Reached skill level 5 in Stealth
  1550 | D:4      | Found a staircase to the Ecumenical Temple.
  1591 | Temple   | Entered the Ecumenical Temple
  1970 | D:4      | Noticed a sky beast
  1978 | D:4      | Killed a sky beast
  1978 | D:4      | Reached skill level 6 in Stealth
  1978 | D:4      | Reached skill level 5 in Evocations
  1978 | D:4      | Reached XP level 7. HP: 36/43 MP: 10/10
  1982 | D:4      | Gained mutation: Your magical capacity is low (-10% MP). [mutagenic meat]
  1983 | D:4      | Gained mutation: Scrolls take you a little longer to read. [mutagenic meat]
  1984 | D:4      | Gained mutation: Your body sometimes deteriorates upon taking damage. [mutagenic meat]
  2029 | D:4      | Reached skill level 5 in Dodging
  2304 | D:5      | Entered Level 5 of the Dungeon
  2970 | D:4      | Reached skill level 7 in Stealth
  3274 | D:3      | Found a shadowy altar of Dithmenos.
  3316 | D:3      | Found an ancient bone altar of Kikubaaqudgha.
  4576 | D:5      | Reached XP level 8. HP: 44/48 MP: 10/10
  4617 | D:5      | Found a white marble altar of Elyvilon.
  4640 | D:5      | Reached skill level 8 in Stealth
  5032 | D:5      | Reached skill level 9 in Stealth
  5674 | D:6      | Reached XP level 9. HP: 53/53 MP: 12/12
  5689 | D:6      | Reached skill level 10 in Stealth
  5873 | D:6      | Found a snail-covered altar of Cheibriados.
  6009 | D:6      | Found a deep blue altar of Sif Muna.
  6316 | D:6      | Reached skill level 11 in Stealth
  6678 | D:7      | Found a bloodstained altar of Trog.
  6793 | D:7      | Noticed a fire crab
  6793 | D:7      | a hippogriff changed into a fire crab
  6884 | D:8      | Noticed Erolcha
  6894 | D:8      | Killed Erolcha
  6894 | D:8      | Reached skill level 12 in Stealth
  6894 | D:8      | Reached XP level 10. HP: 21/58 MP: 14/14
  6898 | D:8      | HP: 2/58 [orc warrior/halberd (20)]
  6900 | D:8      | Slain by an orc warrior

Vault maps used:
D:1:      saegor_arrival_fortress, corner_web_ring, due_unseen_surprise
D:2:      uniq_sigmund
D:3:      kennysheep_goblin_castle, old_standard_altar,
          nicolae_dithmenos_through_a_glass_darkly, first_bread,
          serial_corexii_hall, corexii_hall_statues_deadend,
          corexii_hall_statues_x
D:4:      lemuel_upstairs_altar, minmay_temple_entry_junction,
          minmay_goblin_outpost
D:5:      old_forge, lemuel_crystal_altar
D:6:      lemuel_round_altar, kennysheep_mini_moat, serial_undead,
          serial_undead_c, serial_undead_e, serial_undead_a, serial_undead_d
D:7:      overflow_temple_1_default
D:8:      minitemple, lemuel_crystal_altar, minmay_misc_feat_rows, uniq_erolcha
Temple:   jpeg_temple_alley_garden_8

Action                   |  1- 3 |  4- 6 |  7- 9 | 10-12 || total
-------------------------+-------+-------+-------+-------++-------
Melee: Short sword       |    30 |       |       |       ||    30
       Dagger            |    12 |    54 |   365 |     2 ||   433
       Eveningstar       |       |       |     6 |       ||     6
Evoke: Wand              |     1 |       |    44 |       ||    45
  Use: Potion            |       |       |     7 |       ||     7
 Stab: Sleeping          |     6 |    12 |    21 |       ||    39
       Confused          |       |       |     1 |       ||     1
       Paralysed         |       |       |     1 |       ||     1
  Eat: Chunk             |       |     3 |    19 |       ||    22
